 Dungeon Crawl Stone Soup version 0.31-a0-455-g1a7b003ef0 (webtiles) character file.

Game seed: 4805763143437307597

7236 pokeman the Thaumaturge (level 10, -1/56 HPs)
             Began as a Deep Elf Hedge Wizard on Aug 3, 2023.
             Was a Priest of Vehumet.
             Slain by a gnoll sergeant
             ... wielding a +0 halberd
              (7 damage)
             ... in a bailey.
             The game lasted 00:27:50 (11535 turns).

pokeman the Thaumaturge (Deep Elf Hedge Wizard)    Turns: 11535, Time: 00:27:51

Health: -1/56      AC:  5    Str:  7    XL:     10   Next: 88%
Magic:  21/30      EV: 13    Int: 24    God:    Vehumet [***...]
Gold:   296        SH:  0    Dex: 14    Spells: 14/37 levels left

rFire   . . .        S - -1 demon whip (venom)
rCold   + . .        (no shield)
rNeg    . . .        V - +1 robe of the Iron City of Dis {+Blink rC+}
rPois   .            c - +0 hat
rElec   .            h - +0 cloak
rCorr   .            f - +0 pair of gloves
SInv    .            (no boots)
Will    +....        (no amulet)
Stlth   ++           w - ring of wizardry
HPRegen 0.29/turn    j - ring of flight
MPRegen 0.22/turn

%: wizardry (x1)
@: flying
A: no striking features
a: Renounce Religion, Evoke Blink


You were in a bailey.
You worshipped Vehumet.
Vehumet was most pleased with you.
You visited 2 branches of the dungeon, and saw 10 of its levels.
You also visited: Ossuary and Bailey.

You collected 411 gold pieces.
You spent 115 gold pieces at shops.

Inventory:

Hand Weapons
 P - a +0 whip of electrocution
 R - a +2 short sword of venom
 S - a -1 demon whip of venom (weapon)
Missiles
 J - 2 throwing nets
 T - a curare-tipped dart
Armour
 c - a +0 hat (worn)
 f - a +0 pair of gloves (worn)
 h - a +0 cloak (worn)
 N - a +0 buckler
 O - a +2 robe of cold resistance
 V - the +1 robe of the Iron City of Dis (worn) {+Blink rC+}
   (You found it on level 8 of the Dungeon)

   rC:        It protects you from cold.
   +Blink:    It lets you blink.
Magical Staves
 u - a staff of poison
Jewellery
 j - a ring of flight (right hand)
 q - a +6 ring of strength
 v - a +6 ring of strength
 w - a ring of wizardry (left hand)
 y - a ring of willpower
 z - a ring of protection from cold
 I - a ring of see invisible
 M - a +4 ring of protection
 U - a ring of positive energy
Wands
 k - a wand of light (4)
 t - a wand of flame (42)
 H - a wand of roots (9)
Scrolls
 g - a scroll of immolation {unknown}
 m - a scroll of revelation {unknown}
 n - 2 scrolls of poison {unknown}
 r - 11 scrolls of identify
 s - a scroll of vulnerability {unknown}
 x - 3 scrolls of teleportation {unknown}
 B - 2 scrolls of fog {unknown}
 C - a scroll of enchant armour {unknown}
 F - a scroll of torment {unknown}
 K - 2 scrolls of blinking
 L - a scroll of enchant weapon {unknown}
 Q - a scroll of brand weapon {unknown}
 X - a scroll of acquirement {unknown}
Potions
 a - 6 potions of heal wounds {unknown}
 b - a potion of berserk rage {unknown}
 d - 2 potions of magic
 e - 5 potions of curing {unknown}
 i - a potion of experience {unknown}
 l - 5 potions of mutation {unknown}
 o - 2 potions of lignification {unknown}
 p - 2 potions of might {unknown}
 A - 2 potions of brilliance {unknown}
 D - 3 potions of degeneration {unknown}
 E - 4 potions of resistance {unknown}
 G - a potion of enlightenment {unknown}
 W - a potion of attraction {unknown}


   Skills:
 + Level 3.9 Fighting
 - Level 4.1 Armour
 - Level 3.0 Dodging
 - Level 3.0 Stealth
 * Level 14.0 Spellcasting
 + Level 8.8 Conjurations
 - Level 1.1 Summonings
 - Level 1.1 Translocations
 + Level 7.5 Fire Magic
 - Level 1.0 Air Magic
 - Level 1.1 Poison Magic
 - Level 1.0 Evocations


You had 14 spell levels left.
You knew the following spells:

 Your Spells              Type           Power      Damage    Failure   Level
a - Magic Dart            Conj           100%       1d8       1%          1
b - Mephitic Cloud        Conj/Pois/Air  34%        N/A       1%          3
c - Call Imp              Summ           44%        N/A       1%          2
d - Blink                 Tloc           44%        N/A       1%          2
e - Flame Wave            Conj/Fire      54%        2d13      1%          4
f - Iskenderun's Mystic   Conj/Tloc      40%        2d9       1%          4
g - Orb of Destruction    Conj           28%        9d9       9%          7

Your spell library contained the following spells:

 Spells                   Type           Power      Damage    Failure   Level
 Sticky Flame             Conj/Fire      54%        2d7       1%          4
 Slow                     Hex            64%        N/A       1%          1
 Sting                    Tmut/Pois      76%        1d6       1%          1
 Cigotuvi's Dreadful Rot  Necr/Pois/Air  40%        N/A       1%          2
 Lesser Beckoning         Tloc           44%        N/A       1%          2
 Momentum Strike          Conj/Tloc      80%        3d10      1%          2
 Poisonous Vapours        Pois/Air       44%        N/A       1%          2
 Scorch                   Fire           100%       2d9       1%          2
 Volatile Blastmotes      Fire/Tloc      74%        2d16      1%          3
 Fulminant Prism          Conj/Hex       19%        3d10      1%          4
 Olgreb's Toxic Radiance  Pois           22%        N/A       2%          4
 Summon Guardian Golem    Hex/Summ       19%        N/A       3%          3
 Ozocubu's Armour         Ice            16%        N/A       4%          3
 Tukima's Dance           Hex            16%        N/A       4%          3
 Passage of Golubria      Tloc           22%        N/A       9%          4
 Yara's Violent Unravell  Hex/Tmut       8%         3d5       11%         5
 Metabolic Englaciation   Hex/Ice        8%         N/A       34%         5
 Spellforged Servitor     Conj/Summ      20%        N/A       34%         7
 Summon Cactus Giant      Summ           11%        N/A       77%         6
 Simulacrum               Ice/Necr       8%         N/A       88%         6


Dungeon Overview and Level Annotations

Branches:
Dungeon (9/15)             Temple (1/1) D:4            Lair (0/5) D:9
Ossuary (visited)          Bailey (1/1)
    Orc: D:9-12

Altars:
Ashenzari
Cheibriados
Dithmenos
Elyvilon
Fedhas
Gozag
Hepliaklqana
Kikubaaqudgha
Makhleb
Nemelex Xobeh
Okawaru
Qazlal
Ru
Sif Muna
Trog
Uskayaw
Vehumet
Wu Jian
Xom
Yredelemnul
Zin
The Shining One

Shops:
D:5 (   D:6 ?

Annotations:
D:8 3 runed translucent doors, jasper's ghost, novice DgSh


Message History

The gnoll sergeant drowns.
Vehumet accepts your kill.
You feel your power returning.
You hear a splash. x2
The wolf bites the gnoll!
The wolf bites itself!
The gnoll sergeant hits you from afar with a +0 halberd!
* * * LOW HITPOINT WARNING * * *
The gnoll is engulfed in noxious fumes.
The gnoll appears confused.
The gnoll falls into the water!
The gnoll drowns.
Vehumet accepts your kill.
You feel your power returning.
You hear a splash. x3
Casting: Mephitic Cloud (safe; 1% risk of failure)
Confirm with . or Enter, or press ? or * to list all spells.
Aiming: Mephitic Cloud (safe; 1% risk of failure)
Press: ? - help, Shift-Dir - straight line, f - gnoll sergeant
Aim: a gnoll sergeant, wielding a +0 halberd and wearing a +0 plate armour (heavily wounded, covering ground quickly, chance to affect: 81%)
The ball explodes into a vile cloud!
The stinking cloud engulfs the gnoll sergeant but does no damage.
The gnoll sergeant is heavily wounded.
The stinking cloud engulfs the wolf but does no damage.
The wolf is severely wounded.
The wolf is engulfed in noxious fumes.
The wolf bites the gnoll sergeant.
The gnoll sergeant is engulfed in noxious fumes.
The gnoll sergeant appears confused.
Unknown command.
Unknown command.
Unknown command.
You hit the gnoll sergeant but do no damage.
The gnoll sergeant is poisoned.
The gnoll sergeant is heavily wounded.
The wolf is engulfed in noxious fumes.
The wolf appears confused.
The wolf falls into the water!
The wolf drowns.
Vehumet accepts your kill.
The gnoll sergeant is engulfed in noxious fumes.
The gnoll sergeant appears confused.
The gnoll sergeant hits you with a +0 halberd!
You die...

♣♣♣♣♣♣♣♣♣♣♣♣♣♣♣
♣♣≈≈≈≈≈≈≈≈≈≈≈≈≈≈
♣≈≈...§)○.......
♣≈...@g☼.g......
♣≈..#####...####
♣≈.## ...# ♣≈##
'g..'. ♣≈#
g..#.. ♣≈#
#g##.. ♣≈# ♣≈#
♣≈#


You could see a gnoll sergeant (swift, confused, very poisoned) and a gnoll
(confused).

Vanquished Creatures
  Amaemon (D:8)
  Pikel (D:7)
  An orange demon (D:8)
  Prince Ribbit (D:8)
  Sigmund (D:4)
  A wyvern (D:7)
  5 yaks (D:9)
  2 water moccasins (D:7)
  3 sky beasts
  An orc warrior (D:9)
  A black bear (D:8)
  A centaur (D:9)
  3 wolves (Bailey)
  2 phantoms
  3 lemures (D:7)
  A kobold brigand (D:8)
  Blork the orc (D:5)
  7 gnoll sergeants
  8 scorpions
  10 wights
  3 killer bees (D:9)
  3 howler monkeys
  7 hounds
  2 centaur zombies (Ossuary)
  6 orc priests
  5 gnoll boudas
  2 human zombies (Ossuary)
  A jelly (D:6)
  A sleepcap (D:7)
  5 iguanas
  13 orc wizards
  2 scorpion zombies (Ossuary)
  4 mummies
  30 gnolls
  4 adders
  2 river rats (D:5)
  A white imp (D:6)
  3 dart slugs
  2 worms (D:2)
  47 orcs
  6 endoplasms
  6 giant cockroaches
  A gnoll zombie (Ossuary)
  5 hobgoblins
  3 quokkas
  3 training dummies (D:5)
  6 ball pythons
  4 bats
  5 frilled lizards
  10 goblins
  2 goblin zombies (Ossuary)
  4 hobgoblin zombies (Ossuary)
  11 kobolds
  2 kobold zombies
  3 orc zombies (Ossuary)
  10 rats
278 creatures vanquished.

Vanquished Creatures (collateral kills)
  A sleepcap (D:3)
  2 scorpion zombies (Ossuary)
  An adder (D:3)
  A goblin zombie (Ossuary)
  A hobgoblin zombie (D:5)
6 creatures vanquished.

Grand Total: 284 creatures vanquished

Notes
Turn   | Place    | Note
-------+----------+-------------------------------------------
     0 | D:1      | pokeman the Deep Elf Hedge Wizard began the quest for the
                  | Orb.
     0 | D:1      | Reached XP level 1. HP: 10/10 MP: 7/7
   230 | D:1      | Reached XP level 2. HP: 15/15 MP: 5/9
  1066 | D:2      | Reached skill level 5 in Spellcasting
  1212 | D:2      | Reached XP level 3. HP: 20/20 MP: 0/11
  1216 | D:2      | Learned a level 3 spell: Mephitic Cloud
  1219 | D:2      | Learned a level 2 spell: Call Imp
  1222 | D:2      | Learned a level 2 spell: Blink
  1811 | D:2      | Found an iron altar of Okawaru.
  1894 | D:2      | Reached skill level 1 in Fighting
  1894 | D:2      | Reached skill level 1 in Armour
  2263 | D:3      | Noticed a phantom
  2292 | D:3      | Killed a phantom
  2293 | D:3      | Reached skill level 6 in Spellcasting
  2293 | D:3      | Reached XP level 4. HP: 3/25 MP: 0/14
  2683 | D:3      | Learned a level 4 spell: Flame Wave
  2788 | D:3      | Reached XP level 5. HP: 29/29 MP: 11/15
  3226 | D:3      | Reached skill level 1 in Fire Magic
  3290 | D:3      | Reached skill level 1 in Air Magic
  3290 | D:3      | Reached skill level 1 in Poison Magic
  3290 | D:3      | Reached XP level 6. HP: 21/34 MP: 8/17
  3514 | D:4      | Found a stormy altar of Qazlal.
  3584 | D:4      | Reached skill level 7 in Spellcasting
  3584 | D:4      | Noticed Sigmund
  3872 | D:4      | Killed Sigmund
  3873 | D:4      | Reached XP level 7. HP: 27/38 MP: 7/19
  3997 | D:4      | Reached skill level 5 in Conjurations
  4094 | D:4      | Learned a level 4 spell: Iskenderun's Mystic Blast
  4171 | D:4      | Found a staircase to the Ecumenical Temple.
  4180 | Temple   | Entered the Ecumenical Temple
  4283 | D:5      | Entered Level 5 of the Dungeon
  4391 | D:5      | Found a sand-covered staircase.
  4395 | Ossuary  | Entered an ossuary
  4566 | Ossuary  | Reached skill level 8 in Spellcasting
  4998 | Ossuary  | Reached XP level 8. HP: 38/44 MP: 12/22
  5305 | Ossuary  | Reached skill level 9 in Spellcasting
  5901 | D:5      | Found Achir's Firing Range.
  6167 | D:5      | Noticed Blork the orc
  6177 | D:5      | Killed Blork the orc
  6990 | D:6      | Found Yvoul's Magic Scroll Emporium.
  6996 | D:6      | Bought a scroll of blinking for 82 gold pieces
  6996 | D:6      | Bought a scroll of identify for 22 gold pieces
  6996 | D:6      | Bought a scroll of noise for 11 gold pieces
  7016 | D:6      | Reached skill level 10 in Spellcasting
  7544 | D:6      | Found an opulent altar of Gozag.
  7557 | D:6      | Reached XP level 9. HP: 50/50 MP: 16/25
  7692 | D:6      | Found a basalt altar of Yredelemnul.
  7695 | D:6      | Found a radiant altar of Vehumet.
  7695 | D:6      | Found a burning altar of Makhleb.
  7699 | D:6      | Became a worshipper of Vehumet
  7702 | D:6      | Found a shimmering blue altar of Sif Muna.
  8051 | D:6      | Reached skill level 5 in Fire Magic
  8621 | D:7      | Found a hide-covered altar of Uskayaw.
  9030 | D:7      | Reached skill level 11 in Spellcasting
  9231 | D:7      | Noticed Pikel
  9247 | D:7      | Killed Pikel
  9247 | D:7      | Reached * piety under Vehumet
  9247 | D:7      | Offered knowledge of Shock by Vehumet.
  9409 | D:7      | Reached skill level 12 in Spellcasting
  9513 | D:7      | Found a glowing silver altar of Zin.
  9993 | D:7      | Found an ancient bone altar of Kikubaaqudgha.
  9995 | D:7      | Found a glowing golden altar of the Shining One.
  9998 | D:7      | Found a bloodstained altar of Trog.
 10055 | D:7      | Found a hazy altar of Hepliaklqana.
 10374 | D:8      | Noticed an 11-headed hydra
 10376 | D:8      | Found a runed translucent gate.
 10376 | D:8      | Noticed an orange demon
 10377 | D:8      | Found a runed translucent gate.
 10377 | D:8      | Noticed Amaemon
 10382 | D:8      | Found a runed translucent gate.
 10383 | D:8      | Noticed jasper's ghost (novice DgSh)
 10384 | D:8      | Reached XP level 10. HP: 42/56 MP: 18/28
 10387 | D:8      | Killed an orange demon
 10399 | D:8      | Killed Amaemon
 10422 | D:8      | Reached ** piety under Vehumet
 10586 | D:8      | Found an ornate altar of the Wu Jian Council.
 10684 | D:8      | Offered knowledge of Foxfire by Vehumet.
 10853 | D:8      | Identified the +1 robe of the Iron City of Dis {+Blink rC+}
 10874 | D:8      | Learned a level 7 spell: Orb of Destruction
 10901 | D:8      | Noticed Prince Ribbit
 10910 | D:8      | Killed Prince Ribbit
 10911 | D:8      | Reached skill level 13 in Spellcasting
 11242 | D:9      | Reached skill level 1 in Evocations
 11303 | D:9      | Offered knowledge of Inner Flame by Vehumet.
 11318 | D:9      | Found a staircase to the Lair.
 11333 | D:9      | Found a flagged portal.
 11342 | Bailey   | Entered a bailey
 11362 | Bailey   | Reached *** piety under Vehumet
 11532 | Bailey   | Reached skill level 14 in Spellcasting
 11532 | Bailey   | Offered knowledge of Sticky Flame by Vehumet.
 11535 | Bailey   | Slain by a gnoll sergeant

Illustrated notes

Levels and vault maps discovered:
D:1:      sevenhm_arrival_forest_fort_small_4, layout_loops_ring,
          minmay_misc_feat_enclosed
D:2:      layout_rooms, basic_altar, minmay_misc_feat_ornament
D:3:      layout_basic, dk_noncrumbling_2
D:4:      layout_rooms, nicolae_qazlal_general_emergency,
          minmay_temple_entry_drinking_statues, uniq_sigmund
D:5:      layout_basic, nicolae_ossuary_entry_giza, portal_sewer_entry_e,
          nicolae_shop_firing_range, uniq_blork_the_orc
D:6:      layout_basic, nicolae_overflow_hallway_of_the_gods, serial_shops,
          shop, minmay_misc_feat_iff
D:7:      layout_basic, nzn_hepliaklqana_mist_gate,
          grunt_temple_overflow_diamond, mainiacjoe_overflow_alcove_1,
          nicolae_uskayaw_dance_hall, roderic_roman_lattice, chequers_jeans,
          hangedman_decor_growths, minmay_misc_feat_nine_boxes, uniq_pikel
D:8:      layout_gridville, nzn_wu_jian_council_hall,
          gammafunk_ghost_hydra_chop, uniq_amaemon, uniq_prince_ribbit1
D:9:      layout_basic, lair_entry_dummy, minmay_orc_entry_temple_small,
          enter_bailey_2, roderic_batcave, st_stairs_12
Temple:   hellmonk_temple_rainy
Bailey:   bailey_polearm_gnolls_kennysheep, bailey

Skill      XL: |  1  2  3  4  5  6  7  8  9 10 |
---------------+-------------------------------+-----
Spellcasting   | 5 6 7 8 10 12 14 | 14.0
Conjurations   | 2 3 4 5 6 7 8 |  8.8
Fighting       | 1 2 3 |  3.9
Armour         | 1 2 3 4 |  4.1
Stealth        | 3 |  3.0
Dodging        | 3 |  3.0
Fire Magic     | 1 2 3 4 6 7 |  7.5
Air Magic      | 1 |  1.0
Poison Magic   | 1 |  1.1
Evocations     | 1 |  1.0
Summonings     | |  1.1
Translocations | |  1.1

Action                     |  1- 3 |  4- 6 |  7- 9 | 10-12 || total
---------------------------+-------+-------+-------+-------++-------
  Melee: Dagger            |     5 |       |       |       ||     5
         Whip              |    26 |    47 |   180 |       ||   253
         Punch             |       |     1 |     9 |       ||    10
         Short sword       |       |       |     2 |    10 ||    12
         Demon whip        |       |       |       |    54 ||    54
   Cast: Magic Dart        |   122 |    88 |   253 |     4 ||   467
         Blink             |       |     3 |       |       ||     3
         Mephitic Cloud    |       |     6 |    31 |    21 ||    58
         Call Imp          |       |     2 |    13 |       ||    15
         Flame Wave        |       |       |    23 |    14 ||    37
   Stab: Sleeping          |     1 |       |     2 |       ||     3
         Confused          |       |    11 |     8 |    16 ||    35
         Distracted        |       |       |     1 |       ||     1
 Armour: Robe              |    20 |    12 |    57 |    19 ||   108
  Dodge: Dodged            |    36 |    39 |   166 |    31 ||   272

Table legend: (Time is in decaauts)
 A = Elapsed time spent in this place.
 B = Non-inter-level travel time spent in this place.
 C = Inter-level travel time spent in this place.
 D = Time resting spent in this place.
 E = Time spent auto-exploring this place.
 F = Levels seen in this place.
 G = Mean time per level.
                   A        B        C        D        E       F      G
               +--------+--------+--------+--------+--------+-----+--------+
         Total |  11570 |  11279 |    291 |   1168 |   7938 |  12 |  964.2 |
       Dungeon |  10149 |   9858 |    291 |    894 |   7259 |   9 | 1127.7 |
        Temple |      1 |      1 |      0 |      0 |      0 |   1 |    1.0 |
       Ossuary |   1223 |   1223 |      0 |    196 |    679 |   1 | 1223.0 |
        Bailey |    194 |    194 |      0 |     78 |      0 |   1 |  194.0 |
               +--------+--------+--------+--------+--------+-----+--------+

Top non-repeatable levels by time:
     D:7: 1732 daAuts
     D:6: 1544 daAuts
     D:3: 1463 daAuts
     D:5: 1395 daAuts
 Ossuary: 1223 daAuts
     D:2: 1116 daAuts
     D:1: 997 daAuts
     D:8: 985 daAuts
     D:4: 720 daAuts
  Bailey: 194 daAuts
     D:9: 194 daAuts
  Temple: 1 daAuts
